 Dungeon Crawl Stone Soup version 0.28-a0-724-g66f9036eb4 (webtiles) character file.

Game seed: 17113890101464678337

470 KoroneIsBestGirl the Skirmisher (level 7, -1/37 HPs)
             Began as a Vine Stalker Berserker on Oct 26, 2021.
             Was a Priest of Trog.
             Slain by Edmund (10 damage)
             ... on level 4 of the Dungeon.
             The game lasted 00:03:16 (3238 turns).

KoroneIsBestGirl the Skirmisher (VSBe)              Turns: 3238, Time: 00:03:16

Health: -1/37      AC:  2    Str: 21    XL:     7   Next: 9%
Magic:  0/8        EV: 13    Int:  7    God:    Trog [***...]
Gold:   144        SH:  0    Dex: 14    Spells: 6/6 levels left

rFire   . . .      SeeInvis .   a - +0 spear
rCold   . . .      Faith    .   (no shield)
rNeg    . . .      Spirit   +   b - +0 animal skin
rPois   .          Reflect  .   (no helmet)
rElec   .          Harm     .   (no cloak)
rCorr   .          Rampage  .   (no gloves)
Will    .....                   (no boots)
Stlth   +.........              (no amulet)
HPRegen 1.12/turn               (no ring)
MPRegen 0.11/turn               (no ring)

@: on berserk cooldown, slowed, very slow
A: fangs 2, regeneration 1, magic shield, antimagic bite, no potion heal 2
a: Renounce Religion, Berserk, Trog's Hand


You were on level 4 of the Dungeon.
You worshipped Trog.
Trog was most pleased with you.
You visited 1 branch of the dungeon, and saw 4 of its levels.

You collected 144 gold pieces.

Inventory:

Hand Weapons
 a - a +0 spear (weapon)
Missiles
 i - 86 stones (quivered)
Armour
 b - a +0 animal skin (worn)
Jewellery
 h - a ring of poison resistance
Wands
 n - a wand of polymorph (11)
Scrolls
 e - 4 scrolls of identify {unknown}
 f - a scroll of teleportation {unknown}
 g - a scroll of vulnerability {unknown}
 o - a scroll of fear {unknown}
 q - a scroll of torment {unknown}
Potions
 c - 2 potions of curing {unknown}
 d - a potion of brilliance {unknown}
 j - a potion of mutation {unknown}
 k - a potion of resistance {unknown}
 m - a potion of cancellation {unknown}
 p - a potion of attraction {unknown}
Miscellaneous
 l - a tin of tremorstones (2/2)


   Skills:
 + Level 4.2 Fighting
 + Level 4.2 Polearms
 + Level 3.3 Armour
 + Level 3.3 Dodging


You had 6 spell levels left.
You didn't know any spells.
Your spell library contained the following spells:

 Spells                   Type           Power      Damage    Failure   Level
 Passwall                 Tmut/Erth      0%         N/A       56%         2
 Static Discharge         Conj/Air       0%         N/A       56%         2
 Conjure Flame            Conj/Fire      0%         6-21      80%         3
 Ignite Poison            Fire/Tmut/Pois 0%         N/A       80%         3
 Ozocubu's Armour         Ice            0%         N/A       80%         3
 Petrify                  Tmut/Erth      0%         N/A       99%         4
 Sticky Flame             Conj/Fire      0%         2d3       99%         4
 Lightning Bolt           Conj/Air       0%         1d11      100%        5
 Metabolic Englaciation   Hex/Ice        0%         N/A       100%        5
 Simulacrum               Ice/Necr       0%         N/A       100%        6
 Summon Cactus Giant      Summ           0%         N/A       100%        6
 Maxwell's Capacitive Co  Air            0%         ∞         100%        8


Dungeon Overview and Level Annotations

Branches:
Dungeon (4/15)
 Temple: D:4-7

Altars:
Cheibriados
Kikubaaqudgha
Qazlal
Ru
Wu Jian
Yredelemnul

Annotations:
D:4 Edmund


Innate Abilities, Weirdness & Mutations

You have extremely sharp teeth.
Your natural rate of healing is unusually fast.
When hurt, damage is shared between your health and your magic reserves.
Your bite disrupts and absorbs the magic of your enemies.
Potions cannot restore your health.


Message History

Beogh smites you!
You reach to attack!
You barely miss the orc. The orc misses you.
You reach to attack!
You puncture the orc!
You kill the orc!
Trog accepts your kill.
Found 22 stones.
You barely miss Edmund. You bite Edmund. You drain his power.
You feel invigorated.
Edmund is lightly wounded.
The orc closely misses you. Edmund barely misses you.
The orc hits you with a +0 hand axe.
You hit Edmund.
Edmund is lightly wounded.
You are no longer berserk.
You are exhausted.
You feel yourself slow down.
You closely miss Edmund. Your bite misses Edmund.
Edmund is lightly wounded.
The orc barely misses you.
Edmund says, "People think my brother is the best.
I think he's crazy."
Edmund hits you with a +1 flail of protection!
The orc hits you with a +0 hand axe. The orc hits you but does no damage.
The orc priest closely misses you.
Edmund hits you with a +1 flail of protection!
* * * LOW HITPOINT WARNING * * *
The orc hits you with a +0 hand axe.
* * * LOW HITPOINT WARNING * * *
The orc priest misses you. Edmund barely misses you.
The orc priest barely misses you. Edmund closely misses you.
You hear the slow hiss of a very distant avalanche of sand.
Edmund misses you.
The orc sings a few bars from the Orcish anthem.
The orc priest mumbles some strange prayers to Beogh against you.
Beogh smites you!
* * * LOW HITPOINT WARNING * * *
There is a stone staircase leading down here.
Edmund misses you.
Edmund hits you with a +1 flail of protection!
You die...

###.....# #.....#
##....##########
####.o.o.......
####o#.........
..#o#oo....... #
#.#o#..)......
....##.#@#.........
#....@...........
####...#>........
#####.........
#..!......
#...(..... ####


You could see Edmund, 2 orc priests and 2 orcs.

Vanquished Creatures
  Sigmund (D:2)
  A necrophage (D:3)
  A jelly (D:4)
  A hound (D:3)
  Ijyb (D:3)
  5 adders
  3 gnolls (D:3)
  A dart slug (D:3)
  7 orcs
  7 ball pythons
  6 endoplasms
  4 giant cockroaches
  A hobgoblin (D:3)
  2 jackals (D:2)
  3 quokkas
  9 bats
  6 frilled lizards
  4 goblins
  4 kobolds
  5 rats
72 creatures vanquished.

Notes
Turn   | Place    | Note
-------+----------+-------------------------------------------
     0 | D:1      | KoroneIsBestGirl the Vine Stalker Berserker began the quest
                  | for the Orb.
     0 | D:1      | Reached XP level 1. HP: 11/11 MP: 2/2
   345 | D:1      | Reached XP level 2. HP: 12/16 MP: 3/3
  1106 | D:2      | Reached XP level 3. HP: 20/20 MP: 4/4
  1218 | D:2      | Noticed Sigmund
  1238 | D:2      | Killed Sigmund
  1238 | D:2      | Reached ** piety under Trog
  1239 | D:2      | Gained mutation: Your natural rate of healing is unusually
                  | fast. [Vine Stalker growth]
  1239 | D:2      | Reached XP level 4. HP: 25/25 MP: 3/5
  1239 | D:2      | Reached XP level 5. HP: 28/28 MP: 3/6
  1801 | D:3      | Noticed Ijyb
  1831 | D:3      | Killed Ijyb
  1833 | D:3      | Reached XP level 6. HP: 33/33 MP: 4/7
  2274 | D:3      | Found a faded altar of an unknown god.
  2517 | D:3      | Found a snail-covered altar of Cheibriados.
  2524 | D:3      | Found a sacrificial altar of Ru.
  2524 | D:3      | Found an ornate altar of the Wu Jian Council.
  2525 | D:3      | Found a basalt altar of Yredelemnul.
  2526 | D:3      | Found a stormy altar of Qazlal.
  2528 | D:3      | Found an ancient bone altar of Kikubaaqudgha.
  2789 | D:3      | Reached *** piety under Trog
  2836 | D:3      | Noticed a necrophage
  2848 | D:3      | Killed a necrophage
  3056 | D:3      | Got the Grimoire of Mutagenic Slavery
  3160 | D:4      | Reached XP level 7. HP: 37/37 MP: 8/8
  3219 | D:4      | Noticed Edmund
  3238 | D:4      | Slain by Edmund

Illustrated notes

Levels and vault maps discovered:
D:1:      arrival_zaba_pyramid, layout_loops_ring, minmay_misc_feat_x
D:2:      layout_basic, minmay_misc_feat_ornament, uniq_sigmund
D:3:      minmay_octagon_keep, layout_loops_cross, minitemple,
          hellmonk_ecumenical_altar_lost_god, uniq_ijyb
D:4:      layout_rooms, enter_ossuary_5, kennysheep_small_circle, uniq_robin,
          uniq_menkaure, uniq_crazy_yiuf_cottage, uniq_edmund

Skill      XL: |  1  2  3  4  5  6 |
---------------+-------------------+-----
Fighting       | 3 4 |  4.2
Polearms       | 3 4 |  4.2
Armour         | 2 3 |  3.3
Dodging        | 2 3 |  3.3

Action                   |  1- 3 |  4- 6 |  7- 9 || total
-------------------------+-------+-------+-------++-------
Melee: Spear             |    60 |   155 |    10 ||   225
       Bite              |     7 |    20 |     1 ||    28
Throw: Stone             |       |     3 |       ||     3
Invok: Berserk           |     1 |     3 |     1 ||     5
 Stab: Sleeping          |     6 |     2 |       ||     8
Armor: Animal skin       |     8 |    11 |     1 ||    20
       Skin              |       |    26 |       ||    26
Dodge: Dodged            |    20 |    55 |    13 ||    88

Table legend: (Time is in decaauts)
 A = Elapsed time spent in this place.
 B = Non-inter-level travel time spent in this place.
 C = Inter-level travel time spent in this place.
 D = Time resting spent in this place.
 E = Time spent auto-exploring this place.
 F = Levels seen in this place.
 G = Mean time per level.
                   A        B        C        D        E       F      G
               +--------+--------+--------+--------+--------+-----+--------+
         Total |   3257 |   3081 |    176 |    428 |   2189 |   4 |  814.2 |
       Dungeon |   3257 |   3081 |    176 |    428 |   2189 |   4 |  814.2 |
               +--------+--------+--------+--------+--------+-----+--------+

Top non-repeatable levels by time:
     D:3: 1352 daAuts
     D:1: 914 daAuts
     D:2: 885 daAuts
     D:4: 104 daAuts
